cohdb
Replays
Latest Replays
All Replays
Popular Replays
Top Player Replays
Match Explorer
How It Works
Community
CoH3 Stats
Reddit
Sign in to upload your games and track your stats! →
Sign in with Steam
Match 43525582
Unlisted
Match 43525582
Overview
Messages
Build Orders
End
Kradschützen Motorcycle Team
Panzergrenadier Squad
Selects Italian Infantry
250 Light Carrier
Construct Light Support Kompanie
MG34 Team
Fire Support Elements
Pak 38 Anti-tank Gun Team
Selects Guastatori Squad
Guastatori Squad
Selects Registered Artillery
Guastatori Squad
Registered Artillery
Selects Defensive Operations
Guastatori Squad
Construct Panzerarmee Kommand
Panzer III L Medium Tank
Selects Towed Cannone da 105/28 Field Howitzer
Walking Stuka Rocket Launcher
Selects Prepared Positions
Walking Stuka Rocket Launcher
Guastatori Squad
Panzer III L Medium Tank
Tungsten Core Ammunition
The Kaiser
Family Atomics
RunningWithFate
Onoyk
0
0
Comments
sign in to comment!
No comments posted yet!